 Dungeon Crawl Stone Soup version 0.31-a0-472-g43a2ca8e1b (webtiles) character file.

Game seed: 10188028300670164599

253 Ethylacetat the Insei (level 6, -7/41 HPs)
             Began as an Octopode Shapeshifter on Aug 5, 2023.
             Was an Initiate of Gozag.
             Mangled by a shadow wraith (18 damage)
             ... created by the anger of Yredelemnul
             ... on level 4 of the Dungeon.
             The game lasted 00:05:20 (2809 turns).

Ethylacetat the Insei (Octopode Shapeshifter)       Turns: 2809, Time: 00:05:20

Health: -7/41      AC:  1    Str: 14    XL:     6   Next: 14%
Magic:  0/7        EV: 14    Int: 10    God:    Gozag
Gold:   209        SH:  0    Dex: 15    Spells: 7/7 levels left

rFire   . . .        l - +1 dagger (protect)
rCold   . . .        (no shield)
rNeg    . . .        (helmet currently unavailable)
rPois   +            g - amulet of guardian spirit
rElec   .            q - ring of poison resistance
rCorr   .            (no ring)
SInv    .            (no ring)
Will    .....        (no ring)
Stlth   ++           (no ring)
HPRegen 0.26/turn    (no ring)
MPRegen 0.10/turn    (no ring)
                     (no ring)

%: guardian spirit
@: beast-form, slowed, very slow
A: beast (slay +2), almost no armour, amphibious, 8 rings, camouflage 1,
gelatinous body 1, (nimble swimmer 1), tentacles
a: Begin Untransformation, Renounce Religion, Potion Petition, Call Merchant,
Bribe Branch


You were on level 4 of the Dungeon.
You worshipped Gozag.
Gozag was aware of your devotion.
You were a hulking beast.
You visited 1 branch of the dungeon, and saw 4 of its levels.

You collected 247 gold pieces.
You paid 38 gold pieces to Gozag.

Inventory:

Hand Weapons
 i - a +1 dagger of venom
 l - a +1 dagger of protection (weapon)
Jewellery
 g - an amulet of guardian spirit (around mantle)
 q - a ring of poison resistance (left tentacle)
Talismans
 b - a beast talisman (active)
Scrolls
 d - 2 scrolls of teleportation {unknown}
 f - a scroll of fog {unknown}
 h - 6 scrolls of identify {unknown}
 j - 2 scrolls of noise {unknown}
 m - a scroll of vulnerability {unknown}
 n - a scroll of enchant armour {unknown}
 p - a scroll of amnesia {unknown}
Potions
 e - 2 potions of curing {unknown}
 o - a potion of attraction {unknown}


   Skills:
 + Level 2.8 Fighting
 - Level 3.0 Dodging
 + Level 4.1 Unarmed Combat
 + Level 1.1 Spellcasting
 * Level 4.0 Shapeshifting


You had 7 spell levels left.
You didn't know any spells.
Your spell library contained the following spells:

 Spells                   Type           Power      Damage    Failure   Level
 Necrotise                Necr           0%         1d4       34%         1
 Sublimation of Blood     Necr           0%         N/A       45%         2
 Vampiric Draining        Necr           0%         2d6       71%         3
 Petrify                  Tmut/Erth      0%         N/A       98%         4
 Agony                    Necr           0%         N/A       100%        5
 Irradiate                Conj/Tmut      0%         3d11      100%        5


Dungeon Overview and Level Annotations

Branches:
Dungeon (4/15)
 Temple: D:4-7

Altars:
Gozag
Yredelemnul


Innate Abilities, Weirdness & Mutations

You are a hulking beast.
Your limbs bulge with bestial killing power. (Slay +2)
You cannot wear most types of armour.
You are amphibious.
You can wear up to eight rings at the same time.
Your skin changes colour to match your surroundings (Stealth+).
Your rubbery body absorbs attacks. (AC +1, EV +1)
((You are camouflaged when in or above water. (Stealth+)))
You have tentacles for arms and can constrict up to eight enemies at once.


Message History

Something hits you but does no damage.
You hit something but do no damage. Something hits you.
Something drains your vigour!
You feel as though you will be slow longer.
You miss something.
Something hits you but does no damage. x2
You hit something. Something hits you but does no damage.
You hit something.
Your transformation is almost over.
Something hits you but does no damage. Something hits you!
Something drains your vigour!
You feel as though you will be slow longer.
You hit something but do no damage. Something hits you but does no damage.
You hit something. Something hits you but does no damage.
Something completely misses you.
You barely miss something. Something hits you but does no damage.
You hit something but do no damage.
Something hits you but does no damage. x2
You closely miss something. Something hits you.
You hit something but do no damage. Something hits you!
* * * LOW HITPOINT WARNING * * *
Something hits you!
* * * LOW HITPOINT WARNING * * *
Something drains your vigour!
You feel as though you will be slow longer.
You feel much better.
You feel less wooden.
You turn into a hulking beast.
Something barely misses you.
There is a strange disturbance nearby!
You closely miss something. You squeeze something. Something hits you!
Something drains your vigour!
You feel as though you will be slow longer.
Something hits you but does no damage.
You barely miss something. Something hits you!
* * * LOW HITPOINT WARNING * * *
Something drains your vigour!
You feel as though you will be slow longer.
You feel much better. Something hits you!!
* * * LOW HITPOINT WARNING * * *
Something hits you!!
You die...
Your body crumbles into a pile of gold.

#
.##...............###
# ..##.####........###
# ..##.# #....<..#.# #
...##.##...##......#
##...##..............#
...........####...##.#
.##+#...... #......#
.#......... ##{######
.....#...( #..h..#
##...##.# #####.#
.######.# #.#
.######.# ### #.#
.....##.## #.# #.#
...#.....###.#####.#
...####......#.....##
...# #......#....#.#
...# ##.##....##.#.###


There were no monsters in sight!

Vanquished Creatures
  An orc priest (D:3)
  An iguana (D:4)
  3 orc wizards
  4 adders
  A white imp (D:4)
  A worm (D:2)
  13 orcs
  2 bats (D:3)
  4 endoplasms
  A giant cockroach (D:1)
  2 hobgoblins
  6 jackals
  3 kobolds
  6 quokkas
  3 ball pythons
  2 frilled lizards
  8 goblins
  5 rats
66 creatures vanquished.

Notes
Turn   | Place    | Note
-------+----------+-------------------------------------------
     0 | D:1      | Ethylacetat the Octopode Shapeshifter began the quest for
                  | the Orb.
     0 | D:1      | Reached XP level 1. HP: 13/13 MP: 1/1
    12 | D:1      | Found a faded altar of an unknown god.
    55 | D:1      | Prayed at the altar of an unknown god.
    55 | D:1      | Became a worshipper of Yredelemnul the Dark
    55 | D:1      | Reached * piety under Yredelemnul
    56 | D:1      | Fell from the grace of Yredelemnul
   131 | D:1      | Reached XP level 2. HP: 13/18 MP: 2/2
   486 | D:1      | Reached XP level 3. HP: 20/23 MP: 3/3
  1360 | D:2      | Identified the +1 robe of Incorporation {Regen+}
  1572 | D:3      | Reached XP level 4. HP: 18/29 MP: 2/4
  1637 | D:3      | Reached XP level 5. HP: 35/35 MP: 5/5
  1968 | D:3      | Found an opulent altar of Gozag.
  1982 | D:3      | Became a worshipper of Gozag Ym Sagoz the Greedy
  2556 | D:4      | HP: 1/32 [white imp/puff of frost (2)]
  2563 | D:4      | Reached skill level 1 in Spellcasting
  2563 | D:4      | Reached XP level 6. HP: 23/39 MP: 1/7
  2809 | D:4      | Mangled by a shadow wraith

Illustrated notes

Levels and vault maps discovered:
D:1:      dpeg_arrival_tiny_c, layout_basic, ebering_ecumenical_altar_ruins
D:2:      layout_loops_ring, minmay_misc_feat_room, minmay_misc_feat_cross
D:3:      layout_loops_ring, grunt_gozag_breadcrumbs, grunt_ministairs_11
D:4:      layout_basic, mainiacjoe_overflow_catwalk, grunt_dithmenos_smoke,
          corner_web_ring, uniq_robin

Skill      XL: |  1  2  3  4  5  6 |
---------------+-------------------+-----
Fighting       | 2 |  2.8
Dodging        | 3 |  3.0
Unarmed Combat | 4 |  4.1
Spellcasting   | 1 |  1.1
Shapeshifting  | 4 |  4.0

Action                     |  1- 3 |  4- 6 || total
---------------------------+-------+-------++-------
  Melee: Unarmed           |    36 |       ||    36
         Constrict         |    21 |    18 ||    39
         Tentacles         |    12 |    20 ||    32
         Dagger            |    32 |    80 ||   112
         Punch             |       |     6 ||     6
 Invoke: Renounce Religion |     1 |       ||     1
    Use: Potion            |       |     5 ||     5
   Stab: Sleeping          |     6 |     3 ||     9
 Armour: Skin              |     3 |    27 ||    30
  Dodge: Dodged            |    31 |    32 ||    63

Table legend: (Time is in decaauts)
 A = Elapsed time spent in this place.
 B = Non-inter-level travel time spent in this place.
 C = Inter-level travel time spent in this place.
 D = Time resting spent in this place.
 E = Time spent auto-exploring this place.
 F = Levels seen in this place.
 G = Mean time per level.
                   A        B        C        D        E       F      G
               +--------+--------+--------+--------+--------+-----+--------+
         Total |   2820 |   2760 |     60 |     66 |   2231 |   4 |  705.0 |
       Dungeon |   2820 |   2760 |     60 |     66 |   2231 |   4 |  705.0 |
               +--------+--------+--------+--------+--------+-----+--------+

Top non-repeatable levels by time:
     D:3: 911 daAuts
     D:1: 826 daAuts
     D:2: 720 daAuts
     D:4: 361 daAuts
